 Dungeon Crawl Stone Soup version 0.22-a0-252-gcace5d2 (webtiles) character file.

67 matakusis the Caller (level 3, -10/19 HPs)
             Began as a Deep Elf Summoner on Mar 1, 2018.
             Killed from afar by a white imp (11 damage)
             ... with a puff of frost
             ... summoned by Natasha
             ... on level 3 of the Dungeon.
             The game lasted 00:09:07 (1468 turns).

matakusis the Caller (Deep Elf Summoner)            Turns: 1468, Time: 00:09:11

Health: -10/19     AC:  3    Str:  5    XL:     3   Next: 98%
Magic:  3/10       EV: 13    Int: 20    God:
Gold:   103        SH:  0    Dex: 15    Spells: 7/10 levels left

rFire    . . .     SeeInvis .   (no weapon)
rCold    . . .     Gourm    .   (no shield)
rNeg     . . .     Faith    .   a - +0 robe
rPois    .         Spirit   .   (no helmet)
rElec    .         Reflect  .   (no cloak)
rCorr    .         Harm     .   g - +0 pair of gloves
MR       .....                  (no boots)
Stlth    ++........             (no amulet)
HPRegen  0.06/turn              (no ring)
MPRegen  0.12/turn              (no ring)

@: slowed, very slow
A: no striking features
a: no special abilities


You were on level 3 of the Dungeon.
You were not hungry.

You visited 1 branch of the dungeon, and saw 3 of its levels.

You collected 103 gold pieces.

Inventory:

Missiles
 f - 55 stones (quivered)
Armour
 a - a +0 robe (worn)
 g - a +0 pair of gloves (worn)
Scrolls
 b - a scroll of teleportation
Potions
 e - a potion of curing {unknown}
 h - a potion of degeneration {unknown}
Comestibles
 c - 3 rations


   Skills:
 - Level 2.4 Dodging
 - Level 2.4 Stealth
 + Level 4.4 Spellcasting
 + Level 5.4 Summonings


You had 7 spell levels left.
You knew the following spells:

 Your Spells              Type           Power        Failure   Level  Hunger
a - Summon Small Mammal   Summ           ####         1%          1    None
b - Call Imp              Summ           ####....     1%          2    #......


Dungeon Overview and Level Annotations

Branches:
Dungeon (3/15)

Altars:

Annotations:
D:3 Natasha


Message History

Aim: Natasha (lightly wounded) Attack!
The white imp hits you but does no damage.
The shadow imp hits your shadow imp.
Your shadow imp hits Natasha but does no damage.
Natasha barely misses your crimson imp.
The white imp hits you but does no damage.
The shadow imp closely misses your shadow imp.
Your shadow imp hits Natasha.
Natasha barely misses your crimson imp. The white imp misses your crimson imp.
Your crimson imp blinks!
The shadow imp hits your shadow imp.
Your shadow imp hits the shadow imp.
Your shadow imp hits Natasha.
The white imp gestures at you. The puff of frost hits you!
* * * LOW HITPOINT WARNING * * *
The white imp gestures at you. The puff of frost hits you!
Ouch! That really hurt!
You die...

### ##...
......############
.......@...5"....#
.........5h......#
..........555.5.)#
..........$......#
##...##.......?..#
#### #..........#
#..........#
#....>.....#
#.........


You could see Natasha, 2 white imps, a shadow imp, a friendly crimson imp and 2
friendly shadow imps.

Vanquished Creatures
  A rat (D:1)
1 creature vanquished.

Vanquished Creatures (collateral kills)
  7 gnolls (D:2)
  A worm (D:2)
  4 dart slugs
  An orc (D:2)
  3 giant cockroaches (D:1)
  3 goblins
  8 hobgoblins
  3 kobolds
  A quokka (D:2)
  3 bats
  2 frilled lizards
  8 rats
44 creatures vanquished.

Grand Total: 45 creatures vanquished

Notes
Turn   | Place    | Note
-------+----------+-------------------------------------------
     0 | D:1      | matakusis the Deep Elf Summoner began the quest for the Orb.
     0 | D:1      | Reached XP level 1. HP: 10/10 MP: 6/6
   237 | D:1      | Reached XP level 2. HP: 15/15 MP: 5/8
   241 | D:1      | Learned a level 2 spell: Call Imp
   691 | D:2      | Reached skill level 5 in Summonings
   931 | D:2      | Reached XP level 3. HP: 19/19 MP: 7/10
  1458 | D:3      | Noticed Natasha
  1468 | D:3      | Killed from afar by a white imp

Vault maps used:
D:1:      minmay_arrival_glassed_features
D:2:      serial_forest, infiniplex_forest_clump_double,
          infiniplex_forest_straight_4, infiniplex_forest_straight_2,
          infiniplex_forest_lined_2, infiniplex_forest_3_way,
          infiniplex_forest_lined_2, infiniplex_forest_straight_5
D:3:      uniq_sigmund, uniq_natasha

Skill      XL: |  1  2  3 |
---------------+----------+-----
Summonings     | 5 |  5.4
Spellcasting   | 4 |  4.4
Dodging        | |  2.4
Stealth        | |  2.4

Action                   || total
-------------------------++-------
Melee: Unarmed           ||    17
 Cast: Summon Small Mamm ||    18
       Call Imp          ||    30
  Use: Scroll            ||     3
 Stab: Distracted        ||     1
  Eat: Chunk             ||     2
Armor: Robe              ||     7
Dodge: Dodged            ||    40

Table legend:
 A = Spawn XP
 B = Non-spawn XP
 C = Spawn XP percentage of total XP
 D = Spawn monster count
 E = Non-spawn monster count
 F = Spawn count percentage of total count
 G = Total turns spent on level
                    A         B        C        D         E        F      G
               +---------+---------+-------+---------+---------+-------+---------
         Total |       0 |      96 |   0.0 |       0 |      45 |   0.0 |  1468
               +---------+---------+-------+---------+---------+-------+---------
           D:1 |       0 |      24 |   0.0 |       0 |      21 |   0.0 |   648
           D:2 |       0 |      72 |   0.0 |       0 |      24 |   0.0 |   810
               +---------+---------+-------+---------+---------+-------+---------
